 Dungeon Crawl Stone Soup version 0.28.0 (webtiles) character file.

Game seed: 16953796397504134519

59 Hasart the Insei (level 4, 0/28 HPs)
             Began as an Octopode Transmuter on Feb 19, 2022.
             Succumbed to a kobold's poison
             ... on level 3 of the Dungeon.
             The game lasted 00:04:12 (2884 turns).

Hasart the Insei (Octopode Transmuter)              Turns: 2884, Time: 00:04:13

Health: 0/28       AC:  1    Str:  9    XL:     4   Next: 3%
Magic:  7/7        EV: 13    Int: 17    God:
Gold:   99         SH:  0    Dex: 12    Spells: 1/7 levels left

rFire   . . .      SeeInvis .     - Unarmed
rCold   . . .      Faith    .   (no shield)
rNeg    . . .      Spirit   .   (helmet restricted)
rPois   .          Reflect  .   (no amulet)
rElec   .          Harm     .   (no ring)
rCorr   .          Rampage  .   (no ring)
Will    .....                   (no ring)
Stlth   ++........              (no ring)
HPRegen 0.09/turn               (no ring)
MPRegen 0.10/turn               (no ring)
                                (no ring)
                                (no ring)

@: lethally poisoned (0 -> -13)
A: almost no armour, amphibious, 8 rings, camouflage 1, gelatinous body 1,
(nimble swimmer 1), tentacles
a: no special abilities


You were on level 3 of the Dungeon.
You visited 1 branch of the dungeon, and saw 3 of its levels.

You collected 99 gold pieces.

Inventory:

Jewellery
 k - a ring of fire
Wands
 j - a wand of flame (17)
Scrolls
 a - 2 scrolls of identify {unknown}
 c - a scroll of summoning {unknown}
 d - a scroll of enchant weapon {unknown}
 g - 2 scrolls of fear {unknown}
 h - 2 scrolls of teleportation {unknown}
Potions
 e - a potion of curing {unknown}
 f - a potion of attraction {unknown}
 i - a potion of resistance {unknown}


   Skills:
 + Level 1.5 Fighting
 + Level 2.3 Dodging
 * Level 3.6 Unarmed Combat
 + Level 2.2 Spellcasting
 + Level 2.4 Transmutations
 * Level 1.2 Poison Magic


You had one spell level left.
You knew the following spells:

 Your Spells              Type           Power      Damage    Failure   Level
a - Beastly Appendage     Tmut           20%        N/A       7%          1
b - Wereblood             Tmut           10%        N/A       11%         2
c - Spider Form           Tmut/Pois      8%         N/A       26%         3

Your spell library contained the following spells:

 Spells                   Type           Power      Damage    Failure   Level
 Ice Form                 Ice/Tmut       6%         N/A       75%         4


Dungeon Overview and Level Annotations

Branches:
Dungeon (3/15)

Altars:
Ashenzari


Innate Abilities, Weirdness & Mutations

You cannot wear most types of armour.
You are amphibious.
You can wear up to eight rings at the same time.
Your skin changes colour to match your surroundings (Stealth+).
Your rubbery body absorbs attacks. (AC +1, EV +1)
((You are camouflaged when in or above water. (Stealth+)))
You have tentacles for arms and can constrict up to eight enemies at once.


Message History

Found a stone staircase leading down.
A goblin comes into view. It is wielding a +0 club.
A goblin is nearby!
A goblin is nearby!
A goblin is nearby!
Found a dagger.
A kobold comes into view.
It is wielding a +1 short sword of venom.
The goblin shouts!
The goblin misses you.
You tentacle-slap the goblin.
You kill the goblin!
You see here a +0 club.
The kobold hits you with a +1 short sword of venom.
You are poisoned.
You tentacle-slap the kobold but do no damage.
Your grab misses the kobold.
You feel very sick.
The kobold hits you with a +1 short sword of venom.
You are lethally poisoned!
You are too injured to fight recklessly!
You are too injured to fight recklessly!
You are too injured to fight recklessly!
You closely miss the kobold. You grab the kobold.
You constrict the kobold, but do no damage.
You feel very sick. The kobold barely misses you.
You barely miss the kobold. You constrict the kobold.
* * * LOW HITPOINT WARNING * * *
You feel very sick. The kobold closely misses you.
Unknown command.
You barely miss the kobold. Your squeeze misses the kobold.
The kobold is moderately wounded.
You constrict the kobold.
You kill the kobold!
* * * LOW HITPOINT WARNING * * *
You feel very sick.
Unknown command.
It was a potion of cancellation.
You feel magically purged.
You die...

#...#.#...##.......#
#.........##.#.###.#
#.........##.#...#.#
#.........##.###.#.#
###...#.###..#.#
#...# #........#
.>#.# #.###
#........# ###.# #.##
#.....)..# #.# #..#
######
#.....@..#.###.####.#
#....#
#....)..............#
#.##.#
#.....#.)#####......#
#..#.#
#.....#...#...###..##
##.#.#
#.....#####......###
#.#.#
####+##...#..###..#
#.#.# #.##......#
#..# #†#.#
#.###+##..# #. #
#.#†# #.# #..# +.


There were no monsters in sight!

Vanquished Creatures
  4 worms (D:2)
  A dart slug (D:1)
  4 bats
  4 endoplasms
  A giant cockroach (D:2)
  6 goblins
  2 hobgoblins (D:3)
  4 jackals (D:2)
  7 ball pythons
  A frilled lizard (D:2)
  3 kobolds
  9 rats
46 creatures vanquished.

Notes
Turn   | Place    | Note
-------+----------+-------------------------------------------
     0 | D:1      | Hasart the Octopode Transmuter began the quest for the Orb.
     0 | D:1      | Reached XP level 1. HP: 13/13 MP: 3/3
   259 | D:1      | Reached XP level 2. HP: 18/18 MP: 5/5
   265 | D:1      | Learned a level 2 spell: Wereblood
  1026 | D:2      | Reached XP level 3. HP: 1/23 MP: 6/6
  1343 | D:2      | Learned a level 3 spell: Spider Form
  1648 | D:2      | Found a broken altar of Ashenzari.
  2707 | D:3      | Reached skill level 1 in Poison Magic
  2829 | D:3      | Reached XP level 4. HP: 25/28 MP: 7/7
  2884 | D:3      | Succumbed to a kobold's poison

Illustrated notes

Levels and vault maps discovered:
D:1:      lemuel_arrival_lava_pool, layout_basic, minmay_distorted
D:2:      minmay_spotlight, layout_basic, basic_altar,
          kennysheep_generic_room_13
D:3:      layout_basic, minitemple, shapermc_ecumenical_altar_mp_vishouse

Skill      XL: |  1  2  3 |
---------------+----------+-----
Poison Magic   | 1 |  1.2
Fighting       | |  1.5
Dodging        | |  2.3
Unarmed Combat | |  3.6
Spellcasting   | |  2.2
Transmutations | |  2.4

Action                   |  1- 3 |  4- 6 || total
-------------------------+-------+-------++-------
Melee: Unarmed           |    95 |     5 ||   100
       Constrict         |    22 |     1 ||    23
       Tentacles         |    14 |       ||    14
       Punch             |     3 |       ||     3
       Kick              |    10 |       ||    10
 Cast: Beastly Appendage |     5 |       ||     5
  Use: Potion            |       |     1 ||     1
 Stab: Sleeping          |     8 |       ||     8
Armor: Skin              |     3 |       ||     3
Dodge: Dodged            |    43 |     3 ||    46
